 Dungeon Crawl Stone Soup version 0.23-a0-619-g281719c (webtiles) character file.

23 Lavandula the Sneak (level 3, 0/21 HPs)
             Began as a Halfling Enchanter on Dec 22, 2018.
             Slain by a jackal (3 damage)
             ... on level 2 of the Dungeon.
             The game lasted 00:02:49 (760 turns).

Lavandula the Sneak (Halfling Enchanter)             Turns: 760, Time: 00:02:50

Health: 0/21       AC:  2    Str:  9    XL:     3   Next: 10%
Magic:  0/5        EV: 15    Int: 14    God:
Gold:   25         SH:  0    Dex: 14    Spells: 2/5 levels left

rFire    . . .     SeeInvis .   a - +1 dagger
rCold    . . .     Gourm    .   (shield restricted)
rNeg     . . .     Faith    .   b - +0 robe
rPois    .         Spirit   .   (no helmet)
rElec    .         Reflect  .   (no cloak)
rCorr    .         Harm     .   (no gloves)
MR       .....                  (no boots)
Stlth    ++........             (no amulet)
HPRegen  0.07/turn              (no ring)
MPRegen  0.09/turn              (no ring)

@: very slightly contaminated
A: small, mutation resistance 1
a: no special abilities


You were on level 2 of the Dungeon.
You were not hungry.

You visited 1 branch of the dungeon, and saw 2 of its levels.

You collected 25 gold pieces.

Inventory:

Hand Weapons
 a - a +1 dagger (weapon)
 c - a +0 hunting sling
Armour
 b - a +0 robe (worn)
Scrolls
 e - a scroll of remove curse {unknown}
 f - 2 scrolls of teleportation {unknown}
 g - a scroll of fear {unknown}
Comestibles
 d - a ration
 h - 2 chunks of flesh


   Skills:
 - Level 3.2 Short Blades
 - Level 2.1 Dodging
 - Level 3.2 Stealth
 + Level 1.6 Spellcasting
 - Level 2.4 Hexes


You had 2 spell levels left.
You knew the following spells:

 Your Spells              Type           Power        Failure   Level  Hunger
a - Corona                Hex            #......      9%          1    ##.....
b - Ensorcelled Hibernat  Hex/Ice        #.....       22%         2    ###....

Your spell library contained the following spells:

 Spells                   Type           Power        Failure   Level  Hunger
 Confuse                  Hex            #.......     26%         3    ####...
 Tukima's Dance           Hex            #.......     26%         3    ####...
 Dazzling Spray           Conj/Hex       #.....       41%         3    ####...


Dungeon Overview and Level Annotations

Branches:
Dungeon (2/15)

Altars:


Innate Abilities, Weirdness & Mutations

You are small and have problems with some larger weapons.
You are somewhat resistant to further mutation.


Message History

* * * LOW HITPOINT WARNING * * *
The ball python completely misses you.
Casting: Ensorcelled Hibernation (safe; 22% risk of failure)
Confirm with . or Enter, or press ? or * to list all spells.
Aiming: Ensorcelled Hibernation (safe; 22% risk of failure)
Press: ? - help, Shift-Dir - straight line, f - ball python
Aim: a ball python (chance to defeat MR: 53%)
The ball python resists with significant effort.
The ball python misses you. The ball python barely misses you.
A hobgoblin comes into view.
Found a stone staircase leading down.
A kobold comes into view.
The ball python closely misses you. x2
You aren't carrying any potions.
Unknown command.
The hobgoblin shouts!
You hear a shout!
A goblin comes into view.
Found an escape hatch in the ceiling.
The jackal bites you.
You die...

.###......... #..
#........# #..
#........) ...
#.K......# ...
##.K.......
####>####
####h..#######
..g.....###hhh.###
......g..S.h####
.K.....@h####
........##
........#
.......<#
#########


You could see 6 jackals, a hobgoblin, a goblin, a ball python and a kobold
(wandering).

Vanquished Creatures
  A leopard gecko (D:1)
  3 bats (D:1)
  2 giant cockroaches (D:1)
  3 goblins
  4 hobgoblins (D:1)
  A ball python (D:1)
  2 kobolds (D:2)
  3 rats (D:1)
19 creatures vanquished.

Notes
Turn   | Place    | Note
-------+----------+-------------------------------------------
     0 | D:1      | Lavandula the Halfling Enchanter began the quest for the
                  | Orb.
     0 | D:1      | Reached XP level 1. HP: 11/11 MP: 3/3
   422 | D:2      | Reached XP level 2. HP: 17/17 MP: 2/4
   500 | D:1      | Learned a level 2 spell: Ensorcelled Hibernation
   626 | D:1      | Reached XP level 3. HP: 8/21 MP: 0/5
   760 | D:2      | Slain by a jackal

Vault maps used:
D:1:      dpeg_arrival_rooms_c
D:2:      nicolae_overflow_hidden_temple, minmay_domino_4

Skill      XL: |  1  2 |
---------------+-------+-----
Short Blades   | 2 3 |  3.2
Dodging        | |  2.1
Stealth        | |  3.2
Spellcasting   | |  1.6
Hexes          | |  2.4

Action                   || total
-------------------------++-------
Melee: Dagger            ||    48
 Cast: Corona            ||     6
       Ensorcelled Hiber ||     2
 Stab: Sleeping          ||     7
Armor: Robe              ||    12
Dodge: Dodged            ||    52

Table legend:
 A = Non-vault XP
 B = Vault XP
 C = Vault XP percentage of total XP
 D = Non-vault monster count
 E = Vault monster count
 F = Vault count percentage of total count
                 A         B        C        D         E       F
            +---------+---------+-------+---------+---------+-------
      Total |      33 |       0 |   0.0 |      19 |       0 |   0.0
            +---------+---------+-------+---------+---------+-------
        D:1 |      26 |       0 |   0.0 |      15 |       0 |   0.0
        D:2 |       7 |       0 |   0.0 |       4 |       0 |   0.0
            +---------+---------+-------+---------+---------+-------
